TOP OF THE 1ST |
Vermont Lake Monsters batting - Pitching for Connecticut Tigers : RHP Dan Keener
|
Pitching: RHP Dan Keener
|
|
Batting: RHB Ricardo Mariscal
|
0-0: DOUBLE (Flyball, 8RD, EV 100.6 MPH)
|
Batting: RHB Luis Restrepo
|
0-0: Called Strike 0-1: Ball 1-1: Ball 2-1: Called Strike Ricardo Mariscal steals 3rd base 2-2: Foul Ball, location: 2F 2-2: Fly out, F1 (Popup, 15, EV 83.1 MPH)
|
Batting: LHB Jose Zamarripa
|
0-0: Called Strike 0-1: Swinging Strike 0-2: Strikes out swinging
|
Batting: RHB Chris Montgomery
|
0-0: Called Strike 0-1: Foul Ball, location: 2F 0-2: Foul Ball, location: 2F 0-2: Ball 1-2: Ball 2-2: Fly out, F9 (Flyball, 9LM, EV 101.2 MPH)
|
Top of the 1st over - 0 runs, 1 hit, 0 errors, 1 left on base; Vermont 0 - Connecticut 0 |
BOTTOM OF THE 1ST |
Connecticut Tigers batting - Pitching for Vermont Lake Monsters : LHP Darby Jones
|
Pitching: LHP Darby Jones
|
|
Batting: RHB Brandon O'Malley
|
0-0: Ball 1-0: SINGLE (Flyball, 7LS, EV 90.6 MPH)
|
Batting: SHB Adam Weber
|
0-0: Called Strike 0-1: Ball 1-1: Called Strike 1-2: Ball 2-2: Ball 3-2: Foul Ball, location: 2F 3-2: SINGLE (Groundball, 25, EV 68.1 MPH) (infield hit) Brandon O'Malley to second
|
Batting: RHB Eric Angelle
|
0-0: Ball 1-0: Called Strike 1-1: Called Strike 1-2: Strikes out looking
|
Batting: RHB John Evancho
|
0-0: Ball 1-0: Fly out, F9 (Line Drive, 9, EV 104.4 MPH)
|
Batting: RHB Mike Patterson
|
0-0: Ball 1-0: Ball 2-0: Ball 3-0: Called Strike 3-1: Foul Ball, location: 2F 3-2: Foul Ball, location: 2F 3-2: Strikes out swinging
|
Bottom of the 1st over - 0 runs, 2 hits, 0 errors, 2 left on base; Vermont 0 - Connecticut 0 |
TOP OF THE 2ND |
Vermont Lake Monsters batting - Pitching for Connecticut Tigers : RHP Dan Keener
|
Batting: RHB Carlos Martinez
|
0-0: Ball 1-0: Ball 2-0: Ball 3-0: Called Strike 3-1: Called Strike 3-2: Base on Balls
|
Batting: LHB Youp van Erp
|
0-0: Ball Carlos Martinez is caught stealing 2nd base 2-6 1-0: SINGLE (Groundball, 6M, EV 89.4 MPH) (infield hit)
|
Batting: RHB Lu Tieh
|
0-0: Ball 1-0: Called Strike 1-1: Foul Ball, location: 2F 1-2: SINGLE (Flyball, 8RS, EV 95.0 MPH) Youp van Erp to second
|
Batting: LHB Mario Cardona
|
0-0: Called Strike 0-1: Reached on error, E6 (Groundball, 6S, EV 82.5 MPH) Youp van Erp to third Lu Tieh to second
|
Batting: RHB Oscar Avila
|
0-0: Fielders Choice at 2nd, 5-4 (Groundball, 56, EV 81.2 MPH) Youp van Erp scores Lu Tieh to third
|
Batting: RHB Ricardo Mariscal
|
0-0: Called Strike 0-1: Ball 1-1: Ball 2-1: Swinging Strike 2-2: Ball 3-2: Strikes out looking
|
Top of the 2nd over - 1 run, 2 hits, 1 error, 2 left on base; Vermont 1 - Connecticut 0 |
BOTTOM OF THE 2ND |
Connecticut Tigers batting - Pitching for Vermont Lake Monsters : LHP Darby Jones
|
Batting: RHB Jordan Hall
|
0-0: Called Strike 0-1: Called Strike 0-2: Strikes out swinging
|
Batting: RHB Tanner Purchase
|
0-0: Called Strike 0-1: Foul Ball, location: 2F 0-2: Ball 1-2: Strikes out swinging
|
Batting: RHB Billy Verdusco
|
0-0: Called Strike 0-1: Foul Ball, location: 2F 0-2: Ball 1-2: Foul Ball, location: 2F 1-2: Foul Ball, location: 2F 1-2: Foul Ball, location: 2F 1-2: Strikes out swinging
|
Bottom of the 2nd over - 0 runs, 0 hits, 0 errors, 0 left on base; Vermont 1 - Connecticut 0 |
TOP OF THE 3RD |
Vermont Lake Monsters batting - Pitching for Connecticut Tigers : RHP Dan Keener
|
Batting: RHB Luis Restrepo
|
0-0: Ball 1-0: Ball 2-0: Ball 3-0: Called Strike 3-1: Called Strike 3-2: Foul Ball, location: 2F 3-2: Base on Balls
|
Batting: LHB Jose Zamarripa
|
0-0: Called Strike 0-1: Called Strike Luis Restrepo steals 2nd base 0-2: Strikes out swinging
|
Batting: RHB Chris Montgomery
|
0-0: Called Strike Luis Restrepo steals 3rd base 0-1: Foul Ball, location: 2F 0-2: Ball 1-2: Ball 2-2: SINGLE (Groundball, 56D, EV 100.0 MPH) Luis Restrepo scores
|
Batting: RHB Carlos Martinez
|
0-0: Ball 1-0: Called Strike 1-1: Swinging Strike 1-2: Foul Ball, location: 2F 1-2: Strikes out swinging
|
Batting: LHB Youp van Erp
|
0-0: Foul Ball, location: 2F 0-1: Ball 1-1: Ball 2-1: Ball 3-1: Base on Balls Chris Montgomery to second
|
Batting: RHB Lu Tieh
|
0-0: Foul Ball, location: 2F 0-1: Called Strike 0-2: Ball 1-2: Foul Ball, location: 2F 1-2: Strikes out looking
|
Top of the 3rd over - 1 run, 1 hit, 0 errors, 2 left on base; Vermont 2 - Connecticut 0 |
BOTTOM OF THE 3RD |
Connecticut Tigers batting - Pitching for Vermont Lake Monsters : LHP Darby Jones
|
Pitching: LHP Jeff Troxel
|
|
Batting: RHB Jeremy Guidone
|
0-0: Ball 1-0: Swinging Strike 1-1: Fly out, F9 (Flyball, 9S, EV 88.8 MPH)
|
Batting: RHB Brandon O'Malley
|
0-0: Called Strike 0-1: Swinging Strike 0-2: Ball 1-2: Ball 2-2: Ball 3-2: Foul Ball, location: 2F 3-2: SINGLE (Groundball, 6D, EV 110.0 MPH)
|
Batting: SHB Adam Weber
|
0-0: Called Strike 0-1: Ball 1-1: Ball 2-1: Ball Wild Pitch! Brandon O'Malley to second 3-1: Base on Balls
|
Batting: RHB Eric Angelle
|
0-0: Ball 1-0: Foul Ball, location: 2F 1-1: Ball 2-1: Foul Ball, location: 2F 2-2: Strikes out swinging
|
Batting: RHB John Evancho
|
0-0: Called Strike 0-1: Ball 1-1: Called Strike 1-2: Fly out, F7 (Flyball, 7S, EV 95.6 MPH)
|
Bottom of the 3rd over - 0 runs, 1 hit, 0 errors, 2 left on base; Vermont 2 - Connecticut 0 |
TOP OF THE 4TH |
Vermont Lake Monsters batting - Pitching for Connecticut Tigers : RHP Dan Keener
|
Batting: LHB Mario Cardona
|
0-0: Called Strike 0-1: Ball 1-1: SINGLE (Groundball, 6MD, EV 82.5 MPH) (infield hit)
|
Batting: RHB Oscar Avila
|
0-0: Ball 1-0: Ball 2-0: Called Strike 2-1: Fly out, F8 (Flyball, 8RM, EV 73.8 MPH)
|
Batting: RHB Ricardo Mariscal
|
0-0: Ball 1-0: Called Strike Mario Cardona is caught stealing 2nd base 2-4 1-1: Foul Ball, location: 2F 1-2: Ball 2-2: Foul Ball, location: 2F 2-2: Foul Ball, location: 2F 2-2: SINGLE (Groundball, 6M, EV 83.8 MPH) (infield hit)
|
Batting: RHB Luis Restrepo
|
0-0: Ball Ricardo Mariscal steals 2nd base 1-0: Called Strike 1-1: Foul Ball, location: 2F 1-2: 2-RUN HOME RUN (Flyball, 7D, EV 100.0 MPH), Distance : 408 ft
|
Batting: LHB Jose Zamarripa
|
0-0: Ball 1-0: Ball 2-0: Ball 3-0: Base on Balls
|
Batting: RHB Chris Montgomery
|
0-0: Called Strike 0-1: Swinging Strike 0-2: Foul Ball, location: 2F 0-2: Ball 1-2: Strikes out swinging
|
Top of the 4th over - 2 runs, 3 hits, 0 errors, 1 left on base; Vermont 4 - Connecticut 0 |
BOTTOM OF THE 4TH |
Connecticut Tigers batting - Pitching for Vermont Lake Monsters : LHP Jeff Troxel
|
Batting: RHB Mike Patterson
|
0-0: Called Strike 0-1: Ball 1-1: Foul Ball, location: 2F 1-2: Strikes out swinging
|
Batting: RHB Jordan Hall
|
0-0: Ball 1-0: Ball 2-0: Fly out, F8 (Line Drive, 8LM, EV 94.4 MPH)
|
Batting: RHB Tanner Purchase
|
0-0: Ball 1-0: Fly out, F9 (Line Drive, 9, EV 88.8 MPH)
|
Bottom of the 4th over - 0 runs, 0 hits, 0 errors, 0 left on base; Vermont 4 - Connecticut 0 |
TOP OF THE 5TH |
Vermont Lake Monsters batting - Pitching for Connecticut Tigers : RHP Dan Keener
|
Batting: RHB Carlos Martinez
|
0-0: Ball 1-0: Ball 2-0: Ball 3-0: Base on Balls
|
Pitching: RHP Juan Murillo
|
|
Batting: LHB Youp van Erp
|
0-0: Called Strike 0-1: Called Strike 0-2: Ball 1-2: Ball 2-2: Ball Carlos Martinez is caught stealing 2nd base 2-6 3-2: Foul Ball, location: 2F 3-2: Foul Ball, location: 2F 3-2: Base on Balls
|
Batting: RHB Lu Tieh
|
0-0: Ball 1-0: Ball 2-0: Swinging Strike 2-1: Ball 3-1: SINGLE (Groundball, 34D, EV 107.5 MPH) Youp van Erp to second Runner from 2nd tries for 3rd, SAFE, throw by RF made to third
|
Batting: LHB Mario Cardona
|
0-0: Called Strike 0-1: Ball Lu Tieh steals 2nd base 1-1: Swinging Strike 1-2: Fly out, F7 (Flyball, 7S, EV 78.1 MPH)
|
Batting: RHB Oscar Avila
|
0-0: Ball 1-0: Swinging Strike 1-1: Ball 2-1: Foul Ball, location: 2F 2-2: Ball 3-2: Strikes out swinging
|
Top of the 5th over - 0 runs, 1 hit, 0 errors, 2 left on base; Vermont 4 - Connecticut 0 |
BOTTOM OF THE 5TH |
Connecticut Tigers batting - Pitching for Vermont Lake Monsters : LHP Jeff Troxel
|
Batting: RHB Billy Verdusco
|
0-0: Called Strike 0-1: Foul Ball, location: 2F 0-2: Foul Ball, location: 2F 0-2: Ball 1-2: Strikes out swinging
|
Batting: RHB Jeremy Guidone
|
0-0: Ball 1-0: Foul Ball, location: 2F 1-1: Ball 2-1: Foul Ball, location: 2F 2-2: Strikes out swinging
|
Batting: RHB Brandon O'Malley
|
0-0: Called Strike 0-1: Ball 1-1: Ball 2-1: Ball 3-1: Base on Balls
|
Pitching: RHP Terry Evans
|
|
Batting: SHB Adam Weber
|
0-0: Called Strike 0-1: Ball 1-1: Ground out 3-1 (Groundball, 34S, EV 90.0 MPH)
|
Bottom of the 5th over - 0 runs, 0 hits, 0 errors, 1 left on base; Vermont 4 - Connecticut 0 |
TOP OF THE 6TH |
Vermont Lake Monsters batting - Pitching for Connecticut Tigers : RHP Juan Murillo
|
Batting: RHB Ricardo Mariscal
|
0-0: Ball 1-0: Ball 2-0: Called Strike 2-1: Foul Ball, location: 2F 2-2: Ball 3-2: Foul Ball, location: 2F 3-2: Base on Balls
|
Pitching: LHP Neil Palazzo
|
|
Batting: RHB Luis Restrepo
|
0-0: Ball 1-0: Ball 2-0: DOUBLE (Flyball, 8LXD, EV 105.6 MPH) Ricardo Mariscal to third
|
Batting: LHB Jose Zamarripa
|
0-0: Fly out, F9 (Line Drive, 9D, EV 93.8 MPH) Runner from 3rd tags up, SCORES, no throw by RF
|
Batting: RHB Chris Montgomery
|
0-0: Foul Ball, location: 2F 0-1: Swinging Strike 0-2: Ball 1-2: Foul Ball, location: 2F 1-2: Strikes out swinging
|
Batting: RHB Carlos Martinez
|
0-0: Ground out 4-3 (Groundball, 4, EV 85.0 MPH)
|
Top of the 6th over - 1 run, 1 hit, 0 errors, 1 left on base; Vermont 5 - Connecticut 0 |
BOTTOM OF THE 6TH |
Connecticut Tigers batting - Pitching for Vermont Lake Monsters : RHP Terry Evans
|
Batting: RHB Eric Angelle
|
0-0: Ball 1-0: Called Strike 1-1: Foul Ball, location: 2F 1-2: Strikes out swinging, 2-3 out at first.
|
Batting: RHB John Evancho
|
0-0: Ball 1-0: Ball 2-0: Fly out, F8 (Line Drive, 8RM, EV 91.2 MPH)
|
Batting: RHB Mike Patterson
|
0-0: Called Strike 0-1: Hit by Pitch
|
Batting: RHB Jordan Hall
|
0-0: Ball 1-0: Fielders Choice at 2nd, 6-4 (Groundball, 56, EV 108.1 MPH)
|
Bottom of the 6th over - 0 runs, 0 hits, 0 errors, 1 left on base; Vermont 5 - Connecticut 0 |
TOP OF THE 7TH |
Vermont Lake Monsters batting - Pitching for Connecticut Tigers : LHP Neil Palazzo
|
Batting: LHB Youp van Erp
|
0-0: Called Strike 0-1: SINGLE (Groundball, 6MD, EV 108.8 MPH)
|
Batting: RHB Lu Tieh
|
0-0: Ball 1-0: Ball 2-0: Called Strike 2-1: Foul Ball, location: 2F 2-2: Strikes out swinging
|
Batting: LHB Mario Cardona
|
0-0: Foul Ball, location: 2F 0-1: Ball 1-1: Ball 2-1: Ball 3-1: Fielders Choice at 2nd, 6-4 (Groundball, 6, EV 88.8 MPH)
|
Pitching: LHP Chris Woodruff
|
|
Batting: RHB Oscar Avila
|
0-0: Ground out U3 (Groundball, 3, EV 80.6 MPH)
|
Top of the 7th over - 0 runs, 1 hit, 0 errors, 1 left on base; Vermont 5 - Connecticut 0 |
BOTTOM OF THE 7TH |
Connecticut Tigers batting - Pitching for Vermont Lake Monsters : RHP Terry Evans
|
Batting: RHB Tanner Purchase
|
0-0: Ball 1-0: Called Strike 1-1: Called Strike 1-2: Ball 2-2: Strikes out swinging
|
Batting: RHB Billy Verdusco
|
0-0: Ball 1-0: Ground out 2-3 (Groundball, 2L, EV 57.5 MPH)
|
Batting: RHB Jeremy Guidone
|
0-0: Called Strike 0-1: Ball 1-1: Ball 2-1: Ground out 1-3 (Groundball, 15S, EV 71.2 MPH)
|
Bottom of the 7th over - 0 runs, 0 hits, 0 errors, 0 left on base; Vermont 5 - Connecticut 0 |
TOP OF THE 8TH |
Vermont Lake Monsters batting - Pitching for Connecticut Tigers : LHP Chris Woodruff
|
Batting: RHB Ricardo Mariscal
|
0-0: Swinging Strike 0-1: Ball 1-1: Ball 2-1: Ball 3-1: Base on Balls
|
Batting: RHB Luis Restrepo
|
0-0: Called Strike 0-1: Called Strike Ricardo Mariscal steals 2nd base (no throw) 0-2: Ball 1-2: Ball 2-2: SINGLE (Line Drive, 4D, EV 99.4 MPH) Ricardo Mariscal to third
|
Batting: LHB Jose Zamarripa
|
0-0: Called Strike Luis Restrepo steals 2nd base 0-1: Ball 1-1: Swinging Strike 1-2: Ground out 4-3 (Groundball, 4, EV 101.2 MPH) Ricardo Mariscal scores Luis Restrepo to third
|
Batting: RHB Chris Montgomery
|
0-0: Called Strike 0-1: Foul Ball, location: 2F 0-2: Ball 1-2: Ball 2-2: Foul Ball, location: 2F 2-2: SINGLE (Line Drive, 8LM, EV 100.6 MPH) Luis Restrepo scores
|
Pitching: RHP Vic Flores
|
|
Batting: RHB Carlos Martinez
|
0-0: Ball 1-0: Ball Wild Pitch! Chris Montgomery to second 2-0: Called Strike 2-1: Foul Ball, location: 2F 2-2: Foul Ball, location: 2F 2-2: Ball 3-2: Ground out 5-3 (Groundball, 56, EV 102.5 MPH)
|
Pinch Hitting: RHB Ricardo Claros
|
0-0: Ball 1-0: Foul Ball, location: 2F 1-1: Called Strike 1-2: Foul Ball, location: 2F 1-2: Strikes out looking
|
Top of the 8th over - 2 runs, 2 hits, 0 errors, 1 left on base; Vermont 7 - Connecticut 0 |
BOTTOM OF THE 8TH |
Connecticut Tigers batting - Pitching for Vermont Lake Monsters : RHP Terry Evans
|
Now in LF: Ricardo Claros
|
|
Batting: RHB Brandon O'Malley
|
0-0: Ball 1-0: Ground out 5-3 (Groundball, 15, EV 88.8 MPH)
|
Batting: SHB Adam Weber
|
0-0: Ball 1-0: Ball 2-0: Called Strike 2-1: Ball 3-1: Foul Ball, location: 2F 3-2: Ground out 4-3 (Groundball, 34D, EV 107.5 MPH)
|
Batting: RHB Eric Angelle
|
0-0: Called Strike 0-1: SINGLE (Flyball, 4D, EV 89.4 MPH)
|
Batting: RHB John Evancho
|
0-0: Foul Ball, location: 2F 0-1: Foul Ball, location: 2F 0-2: Ball 1-2: DOUBLE (Line Drive, 8LD, EV 111.9 MPH) Eric Angelle to third Runner from 3rd tries for Home, SAFE, throw by CF to trailing runner, SAFE at third!
|
Batting: RHB Mike Patterson
|
0-0: Ball 1-0: Ball 2-0: Swinging Strike 2-1: Ball 3-1: Base on Balls
|
Batting: RHB Jordan Hall
|
0-0: Ball 1-0: Ball 2-0: Ground out U3 (Groundball, 3S, EV 67.5 MPH)
|
Bottom of the 8th over - 1 run, 2 hits, 0 errors, 2 left on base; Vermont 7 - Connecticut 1 |
TOP OF THE 9TH |
Vermont Lake Monsters batting - Pitching for Connecticut Tigers : RHP Vic Flores
|
Batting: RHB Lu Tieh
|
0-0: Called Strike 0-1: Swinging Strike 0-2: Ball 1-2: SINGLE (Groundball, 56S, EV 71.9 MPH) (infield hit)
|
Batting: LHB Mario Cardona
|
0-0: Called Strike Lu Tieh steals 2nd base 0-1: Ball 1-1: TRIPLE (Flyball, 89XD, EV 101.9 MPH) Lu Tieh scores
|
Pitching: RHP Eddie Hodgson
|
|
Pinch Hitting: RHB Shannon Beck
|
0-0: Ball 1-0: Foul Ball, location: 2F 1-1: Fly out, F6 (Popup, 6MS, EV 81.2 MPH)
|
Pinch Hitting: LHB Oscar Rodriguez
|
0-0: Called Strike 0-1: Called Strike 0-2: Foul Ball, location: 2F 0-2: Strikes out swinging
|
Batting: RHB Luis Restrepo
|
0-0: Ball 1-0: Ball 2-0: Ground out 4-3 (Groundball, 4, EV 92.5 MPH)
|
Top of the 9th over - 1 run, 2 hits, 0 errors, 1 left on base; Vermont 8 - Connecticut 1 |
BOTTOM OF THE 9TH |
Connecticut Tigers batting - Pitching for Vermont Lake Monsters : RHP Terry Evans
|
Now at C: Liangde Tseng
|
|
Now in RF: Oscar Rodriguez
|
|
Batting: RHB Tanner Purchase
|
0-0: Foul Ball, location: 2F 0-1: Called Strike 0-2: Fly out, F7 (Flyball, 78D, EV 85.6 MPH)
|
Batting: RHB Billy Verdusco
|
0-0: Ball 1-0: Ball 2-0: Called Strike 2-1: Swinging Strike 2-2: Ball 3-2: Strikes out swinging
|
Pinch Hitting: LHB Miguel Bojorquez
|
0-0: Ground out 6-3 (Groundball, 6, EV 78.1 MPH)
|
Bottom of the 9th over - 0 runs, 0 hits, 0 errors, 0 left on base; Vermont 8 - Connecticut 1 |
|